 Dungeon Crawl Stone Soup version 0.27.1 (webtiles) character file.

Game seed: 1070431363455407928

26 Malachi the Skirmisher (level 3, 31/31 HPs)
             Began as a Ghoul Fighter on Aug 31, 2021.
             Was a Follower of Makhleb.
             Safely got out of the dungeon.
             The game lasted 00:00:41 (708 turns).

Malachi the Skirmisher (Ghoul Fighter)               Turns: 708, Time: 00:00:42

Health: 31/31      AC:  6    Str: 20    XL:     3   Next: 8%
Magic:  2/2        EV:  7    Int:  3    God:    Makhleb [*.....]
Gold:   27         SH:  8    Dex:  8    Spells: 2/2 levels left

rFire    . . .     SeeInvis .   a - +0 war axe
rCold    + . .     Faith    .   c - +0 kite shield
rNeg     + + +     Spirit   .   b - +0 scale mail
rPois    ∞         Reflect  .   (no helmet)
rElec    .         Harm     .   (no cloak)
rCorr    .         Rampage  .   (no gloves)
Will     .....                  (no boots)
Stlth    ..........             (no amulet)
HPRegen  0.10/turn              (no ring)
MPRegen  0.08/turn              (no ring)

@: no status effects
A: claws 1, cold resistance 1, negative energy resistance 3, inhibited
regeneration, torment resistance 2
a: Renounce Religion


You escaped.
You worshipped Makhleb.
Makhleb was aware of your devotion.
You visited 1 branch of the dungeon, and saw 1 of its levels.

You collected 27 gold pieces.

Inventory:

Hand Weapons
 a - a +0 war axe (weapon)
Armour
 b - a +0 scale mail (worn)
 c - a +0 kite shield (worn)
Scrolls
 e - a scroll of amnesia {unknown}
 g - a scroll of blinking {unknown}
 h - a scroll of fog {unknown}
 i - a scroll of identify {unknown}
Potions
 d - a potion of might
 f - a potion of brilliance {unknown}
 j - a potion of haste {unknown}
 k - a potion of mutation {unknown}


   Skills:
 + Level 3.5 Fighting
 * Level 2.3 Axes
 + Level 3.0 Armour
 + Level 3.0 Shields


You had 2 spell levels left.
You didn't know any spells.
Your spell library was empty.

Dungeon Overview and Level Annotations

Branches:
Dungeon (1/15)

Altars:
Makhleb


Innate Abilities, Weirdness & Mutations

You thrive by killing the living.
You are immune to poison.
You have sharp fingernails.
Your flesh is cold resistant. (rC+)
You are immune to negative energy. (rN+++)
You do not regenerate when monsters are visible.
You are immune to unholy pain and torment.


Message History

A giant cockroach is nearby!
A giant cockroach is nearby!
The giant cockroach bites you but does no damage.
You hit the giant cockroach.
The giant cockroach is moderately wounded.
The giant cockroach bites you but does no damage.
The giant cockroach barely misses you.
You barely miss the giant cockroach.
The giant cockroach is moderately wounded.
The giant cockroach bites you but does no damage.
You block the giant cockroach's attack.
You hit the giant cockroach.
You kill the giant cockroach!
Makhleb accepts your kill.
No target in view!
No target in view!
No target in view!
No target in view!
No target in view!
No target in view!
No target in view!
No target in view!
No target in view!
No target in view!
No target in view!
No target in view!
No target in view!
You see here a +0 dagger.
Done exploring.
Done exploring.
Done exploring.
Done exploring.
You see here a +0 club.
You open the large door.
There is a large open door here.
There is a large open door here.
There is a fountain of clear blue water here.
There is a staircase leading out of the dungeon here.
Are you sure you want to leave the Dungeon?
This will make you lose the game!
You have escaped!

.##.#..# #...#.#########...#.####
.##.##.###.##..# ##....#
.##.##..#.....## #))#..#
..#.###....#############.##..#
#............##...##...#.##..#
#...#####..#.........#.#.##..#
#.#........##..#'#..##.#.##.##
.....####>..####⌠####....##.#
..#..## #.8..++⌠@⌠''..8.###.##
..#...###...####⌠####...# #..#
..##.......##..#+#..##..# #..#
####.####..#.........#..# #..# #
#.# #....#.........## #.)####
####.# #............### #.....#
...########....#####...####.###.#
##.#8..#8##..#..# ###......# #.#
#.#^#.#^##.###.## #####..# #.#


There were no monsters in sight!

Vanquished Creatures
  2 dart slugs (D:1)
  A ball python (D:1)
  An endoplasm (D:1)
  2 giant cockroaches (D:1)
  3 goblins (D:1)
  3 hobgoblins (D:1)
  A kobold (D:1)
  3 bats (D:1)
  4 frilled lizards (D:1)
  A rat (D:1)
21 creatures vanquished.

Notes
Turn   | Place    | Note
-------+----------+-------------------------------------------
     0 | D:1      | Malachi the Ghoul Fighter began the quest for the Orb.
     0 | D:1      | Reached XP level 1. HP: 19/19 MP: 0/0
    35 | D:1      | Reached XP level 2. HP: 22/26 MP: 1/1
   240 | D:1      | Found a faded altar of an unknown god.
   252 | D:1      | Became a worshipper of Makhleb the Destroyer
   252 | D:1      | Reached * piety under Makhleb
   442 | D:1      | Reached XP level 3. HP: 31/31 MP: 2/2
   708 | D:$      | Safely got out of the dungeon.

Illustrated notes

Levels and vault maps discovered:
D:1:      grunt_arrival_crossed_arrows, layout_rooms,
          shapermc_ecumenical_altar_mp_highgroup

Skill      XL: |  1  2  3 |
---------------+----------+-----
Axes           | 2 |  2.3
Shields        | 3 |  3.0
Armour         | 3 |  3.0
Fighting       | |  3.5

Action                   || total
-------------------------++-------
Melee: War axe           ||    69
 Stab: Distracted        ||     1
Armor: Scale mail        ||    49
Dodge: Dodged            ||    34
Block: Kite shield       ||    47
